 Seeded DCSS version 0.29.1-15-g9cfb28693d (webtiles) character file.

Game seed: 10165163451824931987 (custom seed)

13 Psyclone the Stinger (level 2, 15/15 HPs)
             Began as a Deep Elf Venom Mage on Sept 23, 2023.
             Quit the game on level 1 of the Dungeon.
             The game lasted 00:01:39 (359 turns).

Psyclone the Stinger (Deep Elf Venom Mage)           Turns: 359, Time: 00:01:39

Health: 15/15      AC:  2    Str:  5    XL:     2   Next: 24%
Magic:  8/8        EV: 13    Int: 19    God:
Gold:   978        SH:  0    Dex: 15    Spells: 4/7 levels left

rFire   . . .      SeeInvis .   c - +0 short sword
rCold   . . .      Faith    .   (no shield)
rNeg    . . .      Spirit   .   a - +0 robe
rPois   .          Reflect  .   (no helmet)
rElec   .          Harm     .   (no cloak)
rCorr   .          Rampage  .   (no gloves)
Will    .....                   (no boots)
Stlth   ++........              (no amulet)
HPRegen 0.05/turn               (no ring)
MPRegen 0.11/turn               (no ring)

@: no status effects
A: no striking features
a: no special abilities


You were on level 1 of the Dungeon.
You visited 1 branch of the dungeon, and saw 1 of its levels.

You collected 978 gold pieces.

Inventory:

Hand Weapons
 c - a +0 short sword (weapon)
Armour
 a - a +0 robe (worn)
Jewellery
 e - an amulet of regeneration
Scrolls
 d - a scroll of teleportation {unknown}
 f - a scroll of enchant weapon {unknown}
 g - a scroll of acquirement
Potions
 b - a potion of magic


   Skills:
 + Level 2.7 Dodging
 + Level 2.7 Stealth
 + Level 3.2 Spellcasting
 + Level 1.4 Transmutations
 + Level 3.4 Poison Magic


You had 4 spell levels left.
You knew the following spells:

 Your Spells              Type           Power      Damage    Failure   Level
a - Poisonous Vapours     Pois/Air       18%        N/A       11%         2
v - Sting                 Tmut/Pois      48%        1d5       5%          1

Your spell library contained the following spells:

 Spells                   Type           Power      Damage    Failure   Level
 Mephitic Cloud           Conj/Pois/Air  7%         N/A       28%         3
 Olgreb's Toxic Radiance  Pois           16%        N/A       34%         4


Dungeon Overview and Level Annotations

Branches:
Dungeon (1/15) Zot: 5641

Altars:


Message History

Aim: a hobgoblin (heavily wounded, poisoned) Poisonous vapours surround the hobgoblin!
The hobgoblin looks even sicker.
You now have 4/8 mp.
You kill the hobgoblin!
You start resting.
A goblin comes into view. It is wielding a +0 dagger.
You regained 3 mp, and now have 7/8 mp.
Casting: Poisonous Vapours (safe; 11% risk of failure)
Confirm with . or Enter, or press ? or * to list all spells.
Aiming: Poisonous Vapours (safe; 11% risk of failure)
Press: ? - help, Dir - move target, f - goblin
Aim: a goblin, wielding a +0 dagger (wandering, hasn't noticed you) Poisonous vapours surround the goblin!
The goblin is poisoned.
You now have 5/8 mp.
Casting: Poisonous Vapours (safe; 11% risk of failure)
Confirm with . or Enter, or press ? or * to list all spells.
Aiming: Poisonous Vapours (safe; 11% risk of failure)
Press: ? - help, Dir - move target, f/p - goblin
Aim: a goblin, wielding a +0 dagger (poisoned)
You miscast Poisonous Vapours.
You are very lightly contaminated with residual magic.
Nothing appears to happen.
You now have 3/8 mp.
The goblin looks more healthy.
You closely miss the goblin.
The goblin is heavily wounded.
The goblin misses you.
You hit the goblin.
The goblin is almost dead.
The goblin barely misses you.
You hit the goblin.
You kill the goblin!
Your magical contamination has completely faded away.
Things that are here:
a +0 dagger; a goblin corpse You start resting.
Magic restored.
MP restored: 8 Are you sure you want to abandon this character and quit the game? (Confirm with "yes".)

.#..# .#..#
.?.# #...
..####.†# ###
........###....
$...........#
#######.##..#
#######@##..##
.............#
.######..###.#
##.####....#
.......)...#
##.####.##.....
##### # #.#
##.#####...# #.
#.# .##..#...#
###.## #.#
##..'...#


There were no monsters in sight!

Vanquished Creatures
  2 endoplasms (D:1)
  4 goblins (D:1)
  3 hobgoblins (D:1)
  A bat (D:1)
10 creatures vanquished.

Notes
Turn   | Place    | Note
-------+----------+-------------------------------------------
     0 | D:1      | Psyclone the Deep Elf Venom Mage began the quest for the
                  | Orb.
     0 | D:1      | Reached XP level 1. HP: 10/10 MP: 6/6
    77 | D:1      | Identified a scroll of acquirement
    77 | D:1      | Acquired 954 gold pieces
   223 | D:1      | Reached XP level 2. HP: 14/15 MP: 4/8
   234 | D:1      | Learned a level 2 spell: Poisonous Vapours
   359 | D:1      | Quit the game

Illustrated notes

Levels and vault maps discovered:
D:1:      evilmike_arrival_fibonacci_small, layout_loops_ring, serial_shops,
          nicolae_shop_behind_doors, ebering_dispersal_statue_hall

Action                   || total
-------------------------++-------
Melee: Short sword       ||     3
 Cast: Sting             ||    17
       Poisonous Vapours ||     3
  Use: Scroll            ||     1
Dodge: Dodged            ||     5
